AoeStats
← DS_NEGRO

Arabia

504103185Analyzed
1v1 RM · 27d ago on Sep 3, 2026· 25m 49s· 2 players
Game mode
Random Map
Map size
Tiny (2 player)
Population
200
Speed
Normal
Resources
Standard
Victory
Conquest
Starting age
Dark Age
Ending age
Imperial Age
RankedLock teamsTeams togetherTeam positionsShared explorationLock speedFull tech treeHidden civsTurbo modeCheats
Victory
Defeat
🇨🇳 Chinese · China
1888
+7
🇦🇷 Mongols · Argentina
1674
-7
fangao
0:26 Loom
9:02 Feudal Age
9:44 Double-Bit Axe
14:22 Fletching
20:10 Castle Age
18:34 Gold Mining
19:24 Scale Mail Armor
20:30 Forging
DS_NEGRO
7:14 Loom
9:52 Feudal Age
15:29 Castle Age
Connection lost

Rejoining the realm…

Still unreachable

The connection could not be restored.

Session expired

The server has moved on; the page needs a fresh start.